 Dungeon Crawl Stone Soup version 0.26-a0-651-gb41185065b (webtiles) character file.

Game seed: 7229063234334546567

(classic levelgen) 82 EnegeticOcto the Sneak (level 4, 30/42 HPs)
             Began as a Deep Dwarf Delver on Oct 23, 2020.
             Quit the game on level 5 of the Dungeon.
             The game lasted 00:01:27 (127 turns).

EnegeticOcto the Sneak (Deep Dwarf Delver)           Turns: 127, Time: 00:01:27

Health: 30/42      AC:  8    Str: 16    XL:     4   Next: 21%
Magic:  4/4        EV:  7    Int: 11    God:
Gold:   12         SH:  0    Dex: 14    Spells: 3/3 levels left

rFire    . . .     SeeInvis .   a - +0 hand axe
rCold    . . .     Faith    .   (no shield)
rNeg     . . .     Spirit   .   h - +0 chain mail
rPois    .         Reflect  .   (no helmet)
rElec    .         Harm     .   (no cloak)
rCorr    .         Rampage  .   (no gloves)
MR       .....                  (no boots)
Stlth    ..........             (no amulet)
HPRegen  0.00/turn              (no ring)
MPRegen  0.09/turn              (no ring)

@: non-regenerating
A: damage resistance, heal wounds, sense surroundings 1, no regeneration
a: Heal Wounds


You were on level 5 of the Dungeon.
You visited 1 branch of the dungeon, and saw 2 of its levels.

You collected 12 gold pieces.

Inventory:

Hand Weapons
 a - a +0 hand axe (weapon)
Armour
 b - a +0 leather armour
 h - a +0 chain mail (worn)
Wands
 g - a wand of digging (2) {@v3}
Scrolls
 c - a scroll of fog
 d - a scroll of magic mapping {@r5}
 e - a scroll of fear
 i - a scroll of enchant weapon {unknown}
 j - 2 scrolls of remove curse {unknown}
 k - a scroll of noise {unknown}
 m - a scroll of identify {unknown}
Potions
 f - a potion of haste {@q4}
 l - 2 potions of flight {unknown}


   Skills:
 + Level 3.2 Fighting
 + Level 3.1 Axes
 + Level 3.1 Dodging
 + Level 6.6 Stealth


You had 3 spell levels left.
You didn't know any spells.
Your spell library was empty.

Dungeon Overview and Level Annotations

Branches:
Dungeon (6/15)
 Temple: D:4-7

Altars:


Innate Abilities, Weirdness & Mutations

You are resistant to damage.
You can heal yourself by infusing magical energy.
You passively map a small area around you.
You do not regenerate.


Message History

You see here a scroll labeled NIACVI OBEA.
Your chain mail prevents you from hitting the hound.
The hound bites you. The hound barely misses you.
You barely miss the hound. The hound bites you.
You hit the hound.
The hound is moderately wounded.
The hound stops to sniff the ground.
The hound bites you but does no damage. x2
You hit the hound.
The hound is severely wounded.
The hound bites you. The hound barely misses you.
You hit the hound.
The hound is severely wounded.
The hound bites you but does no damage. x2
You hit the hound.
You kill the hound!
Your Fighting skill increases to level 3!
You have reached level 2!
You have reached level 3!
Your experience leads to an increase in your attributes!
Increase (s)trength, (i)ntelligence, or (d)exterity?
You feel clever.
i - a scroll labeled NIACVI OBEA
Found three items.
A scorpion comes into view.
Found a scroll labeled HAUFIOGOIL and a long sword.
You feel much better. The scorpion stings you.
You are poisoned.
The scorpion poisons you!
You hit the scorpion but do no damage. The scorpion stings you!
You closely miss the scorpion.
The scorpion stings you but does no damage.
You barely miss the scorpion. The scorpion stings you.
You are more poisoned.
The scorpion poisons you!
You slash the scorpion!
The scorpion is heavily wounded.
The scorpion closely misses you. The scorpion stings you.
You feel much better. The scorpion stings you.
You are more poisoned.
The scorpion poisons you!
You hit the scorpion.
The scorpion is heavily wounded.
The scorpion closely misses you.
You closely miss the scorpion.
The scorpion is heavily wounded.
The scorpion stings you.
You hit the scorpion.
The scorpion is almost dead.
The scorpion stings you but does no damage.
You hit the scorpion but do no damage.
The scorpion is almost dead.
The scorpion stings you but does no damage.
You closely miss the scorpion.
The scorpion is almost dead.
The scorpion stings you but does no damage.
You hit the scorpion.
You kill the scorpion!
Your Axes skill increases to level 3!
Your Dodging skill increases to level 3!
You have reached level 4!
You feel stronger.
j - 2 scrolls labeled LOJATA CYQEO
k - a scroll labeled YRELYOT BICU;
l - 2 sapphire potions
m - a scroll labeled HAUFIOGOIL You see here a long sword.
You see here a rapier.
You are no longer poisoned.
There is a stone staircase leading down here.
You climb downwards.
Found 41 stones.
Found a stone staircase leading up.
There is a stone staircase leading up here.
There is a stone staircase leading up here.
You climb upwards.
The centaur shouts! x2
A bullfrog comes into view.
You hear a shout!
The centaur wields a +0 shortbow.
The centaur shoots an arrow.
The arrow hits you!
The bullfrog hits you but does no damage.
A centaur comes into view.
Found a manual of Slings and a scroll labeled LOJATA CYQEO.
There is a stone staircase leading down here.
The bullfrog hits you.
A jackal comes into view.
The centaur unwields a +0 shortbow.
The centaur closely misses you. The bullfrog hits you.
A hound comes into view.
The hound barks!
You hit the bullfrog.
The bullfrog is lightly wounded.
You hit the centaur.
The centaur hits you but does no damage.
The bullfrog hits you but does no damage.
The centaur hits you but does no damage.
The bullfrog barely misses you.
Press: ? - help, v - describe, . - travel, g - get item Item here: a manual of Slings.
The floor.
Are you sure you want to abandon this character and quit the game? (Confirm with "yes".)

*.## , #####..
#.....#*
#.....###
#........ ,
#.....#
##...#.# ,
#.>F..# ,
#..@c## **
.......##c.:hh.
, , ####?#..
*#.### * *
....#. # #.#.#.
.. , # #.#.*..
, , , #.#. ...
* ,, , , *


You could see a bullfrog, 2 centaurs, a hound and a jackal.

Vanquished Creatures
  A scorpion (D:5)
  A hound (D:5)
  3 orcs (D:5)
5 creatures vanquished.

Notes
Turn   | Place    | Note
-------+----------+-------------------------------------------
     0 | D:5      | EnegeticOcto the Deep Dwarf Delver began the quest for the
                  | Orb.
     0 | D:5      | Reached XP level 1. HP: 20/20 MP: 1/1
    53 | D:5      | Noticed a hound
    63 | D:5      | Killed a hound
    63 | D:5      | Reached XP level 2. HP: 19/28 MP: 2/2
    63 | D:5      | Reached XP level 3. HP: 23/34 MP: 3/3
    70 | D:5      | Noticed a scorpion
    84 | D:5      | Killed a scorpion
    84 | D:5      | Reached XP level 4. HP: 38/42 MP: 4/4
   124 | D:5      | Noticed a centaur
   124 | D:5      | Noticed a centaur
   124 | D:5      | Noticed a bullfrog
   124 | D:5      | Noticed a centaur
   127 | D:5      | Quit the game

Illustrated notes

Levels and vault maps discovered:
D:5:      kennysheep_spiral_hall, layout_basic, serial_shops, shop, shop, shop,
          minmay_manual_monstrance
D:6:      layout_rooms, uniq_menkaure

Skill      XL: |  1  2  3 |
---------------+----------+-----
Fighting       | 3 |  3.2
Axes           | 3 |  3.1
Dodging        | 3 |  3.1
Stealth        | |  6.6

Action                   |  1- 3 |  4- 6 || total
-------------------------+-------+-------++-------
Melee: Hand axe          |    23 |     1 ||    24
 Abil: Heal Wounds       |     3 |       ||     3
Evoke: Wand              |     1 |       ||     1
Armor: Chain mail        |     8 |     4 ||    12
Dodge: Dodged            |    15 |     2 ||    17

Table legend: (Time is in decaauts)
 A = Elapsed time spent in this place.
 B = Non-inter-level travel time spent in this place.
 C = Inter-level travel time spent in this place.
 D = Time resting spent in this place.
 E = Time spent auto-exploring this place.
 F = Levels seen in this place.
 G = Mean time per level.
                   A        B        C        D        E       F      G
               +--------+--------+--------+--------+--------+-----+--------+
         Total |    131 |    131 |      0 |      0 |      0 |   2 |   65.5 |
       Dungeon |    131 |    131 |      0 |      0 |      0 |   2 |   65.5 |
               +--------+--------+--------+--------+--------+-----+--------+

Top non-repeatable levels by time:
     D:5: 126 daAuts
     D:6: 4 daAuts
